 Dungeon Crawl Stone Soup version 0.31-a0-152-g6aa68a64a1 (webtiles) character file.

Game seed: 13304866163797107386

770 qw the Chopper (level 7, -1/44 HPs)
             Began as a Gargoyle Fighter on June 11, 2023.
             Slain by a gnoll
             ... wielding a +0 halberd
             ... led by a gnoll sergeant
              (8 damage)
             ... on level 5 of the Dungeon.
             The game lasted 00:02:06 (3900 turns).

qw the Chopper (Gargoyle Fighter)                   Turns: 3900, Time: 00:02:06

Health: -1/44      AC: 16    Str: 21    XL:     7   Next: 83%
Magic:  7/7        EV:  9    Int:  9    God:
Gold:   237        SH:  4    Dex:  9    Spells: 6/6 levels left

rFire   . . .        Y - +1 war axe
rCold   + . .        c - +0 buckler
rNeg    + . .        b - +0 scale mail
rPois   inf          k - +1 hat
rElec   +            m - +0 cloak
rCorr   .            (no gloves)
SInv    .            p - +2 pair of boots
Will    .....        (no amulet) Stlth
                     a - ring of protection from cold
HPRegen 0.27/turn    (no ring)
MPRegen 0.10/turn

%: no passive effects
@: no status effects
A: sickness immunity, AC +4, negative energy resistance 1, electricity
resistance, torment resistance 1, petrification resistance
a: no special abilities


You were on level 5 of the Dungeon.
You visited 1 branch of the dungeon, and saw 5 of its levels.

You collected 237 gold pieces.


Innate Abilities, Weirdness & Mutations

You are immune to sickness and miasma.
Your stone body is resilient. (AC +4)
You are immune to poison.
You resist negative energy. (rN+)
You are resistant to electric shocks. (rElec)
You are resistant to unholy torment.
You are immune to petrification.


   Skills:
 - Level 5.0 Fighting
 + Level 6.9 Axes
 - Level 3.2 Armour
 - Level 1.6 Dodging
 - Level 3.2 Shields


You had 6 spell levels left.
You didn't know any spells.
Your spell library was empty.

Inventory:

Hand Weapons
 g - a +0 flail
 Y - a +1 war axe (weapon)
Armour
 b - a +0 scale mail (worn)
 c - a +0 buckler (worn)
 k - a +1 hat (worn)
 m - a +0 cloak (worn)
 p - a +2 pair of boots (worn)
Jewellery
 a - a ring of protection from cold (left hand)
Scrolls
 n - a scroll of identify
Potions
 d - a potion of might
 f - a potion of brilliance {unknown}
 h - 2 potions of curing
 j - a potion of haste
 l - a potion of enlightenment {unknown}
 o - a potion of attraction {unknown}
 q - a potion of mutation {unknown}

Dungeon Overview and Level Annotations

Branches:
Dungeon (5/15)
 Temple: D:4-7

Altars:
Ashenzari
Elyvilon
Ru

Shops:
D:1 (


Message History

Enter note:
Enter note:
Enter note:
Enter note: The gnoll sergeant blocks your attack.
You barely miss the gnoll. You block the gnoll's attack.
The gnoll barely misses you.
You barely miss the gnoll sergeant. You slash the gnoll!
The gnoll closely misses you.
The gnoll sergeant hits you with a +0 trident!
The gnoll hits you from afar with a +0 halberd.
The gnoll barely misses you. The gnoll sergeant closely misses you.
The gnoll barely misses you. The gnoll hits you but does no damage.
You hit the gnoll.
The gnoll is almost dead.
You barely miss the gnoll. You slash the gnoll sergeant!
The gnoll sergeant hits you but does no damage.
You block the gnoll's attack. x2; The gnoll barely misses you.
You slash the gnoll!
You kill the gnoll!
You hit the gnoll sergeant but do no damage.
You hit the gnoll. The gnoll closely misses you.
The gnoll hits you but does no damage. The gnoll sergeant blocks your attack.
The gnoll sergeant is heavily wounded.
You hit the gnoll. You block the gnoll's attack.
The gnoll sergeant barely misses you. The gnoll hits you with a +0 flail.
You hit the gnoll sergeant but do no damage.
The gnoll sergeant is heavily wounded.
You barely miss the gnoll. You block the gnoll's attack.
The gnoll sergeant hits you with a +0 trident.
The gnoll closely misses you. The gnoll sergeant blocks your attack.
The gnoll sergeant is heavily wounded.
You hit the gnoll.
The gnoll hits you from afar with a +0 halberd!
You block the gnoll sergeant's attack. The gnoll closely misses you.
The gnoll hits you from afar with a +0 halberd!
You die...

#.####.####~.# .......#
~.# #.###### ~... ###
...... ~~~~ .... .....
##### ..#..
#..################....#
..................).....
~..####.._..####g.~~~~..
................@.g.....
#################g......
.# ....... .## .......
..# .....>. <.## .......
...# ....... .# ...##
....... ..# ....# ##
#..#


You could see a gnoll sergeant and 2 gnolls.

Vanquished Creatures
  A water moccasin (D:3)
  An ice beast (D:5)
  A phantom (D:4)
  A scorpion (D:5)
  A howler monkey (D:5)
  3 jellies
  2 hounds
  A sleepcap (D:5)
  An orc wizard (D:3)
  6 adders
  4 gnolls
  2 white imps (D:5)
  2 worms
  A dart slug (D:1)
  7 orcs
  4 bats
  7 endoplasms
  3 giant cockroaches
  5 hobgoblins
  11 kobolds
  4 quokkas
  7 ball pythons
  4 frilled lizards
  10 goblins
  9 rats
98 creatures vanquished.

Notes
Turn   | Place    | Note
-------+----------+-------------------------------------------
     0 | D:1      | qw the Gargoyle Fighter began the quest for the Orb.
     0 | D:1      | Reached XP level 1. HP: 14/14 MP: 1/1
     0 | D:1      | 0 ||| qw: Version: 0.2-a-29-gd901d54
     0 | D:1      | 0 ||| qw: Game counter: 4018
     0 | D:1      | 0 ||| qw: Always use a shield: true
     0 | D:1      | 0 ||| qw: God list: Okawaru
     0 | D:1      | 0 ||| qw: Allow faded altars: false
     0 | D:1      | 0 ||| qw: Do Orc after D:15 true
     0 | D:1      | 0 ||| qw: Do second Lair branch before Depths: true
     0 | D:1      | 0 ||| qw: Lair rune preference: random
     0 | D:1      | 0 ||| qw: Plans: Normal, Zot:1-4, Slime:5, God:TSO, Crypt,
                  | Tomb, Abyss, Pan, Hells, Win
     0 | D:1      | 0 ||| PLANNING D:1-11
   143 | D:1      | Reached skill level 2 in Axes
   157 | D:1      | 157 ||| Stepping ~*~*~tactically~*~*~ (hiding).
   299 | D:1      | Reached XP level 2. HP: 19/19 MP: 2/2
   469 | D:1      | Reached skill level 3 in Axes
   531 | D:1      | Reached XP level 3. HP: 21/23 MP: 3/3
   664 | D:1      | Found Damoby's Weapon Shoppe.
  1052 | D:1      | 1052 ||| READING scroll labelled EMYRHE MOENAESM.
  1053 | D:1      | 1053 ||| READING 2 scrolls labelled VAONUOSKA FOY.
  1058 | D:1      | 1058 ||| READING scroll labelled MIL LYEDWA.
  1059 | D:1      | 1059 ||| READING scroll labelled GYTRUA JOMAUMME.
  1071 | D:2      | 1071 ||| STAIRDANCE
  1084 | D:2      | 1084 ||| STAIRDANCE
  1087 | D:1      | Reached XP level 4. HP: 25/28 MP: 4/4
  1102 | D:2      | 1102 ||| STAIRDANCE
  1126 | D:2      | 1126 ||| Stepping ~*~*~tactically~*~*~ (stealth).
  1130 | D:2      | 1130 ||| Stepping ~*~*~tactically~*~*~ (stealth).
  1187 | D:2      | Reached skill level 4 in Axes
  1210 | D:2      | 1210 ||| Stepping ~*~*~tactically~*~*~ (stealth).
  1677 | D:2      | 1677 ||| UPGRADING to +1 hat.
  1682 | D:2      | 1682 ||| READING scroll labelled HYPOOM CABUSIO.
  1683 | D:2      | 1683 ||| READING scroll labelled QEFAPS AXEOWO.
  1819 | D:3      | Reached XP level 5. HP: 32/32 MP: 5/5
  1820 | D:3      | 1820 ||| Stepping ~*~*~tactically~*~*~ (hiding).
  1888 | D:3      | 1888 ||| Stepping ~*~*~tactically~*~*~ (stealth).
  1914 | D:3      | Reached skill level 5 in Axes
  2084 | D:3      | Noticed a water moccasin
  2099 | D:3      | Killed a water moccasin
  2100 | D:3      | Reached XP level 6. HP: 27/40 MP: 6/6
  2167 | D:3      | Found a broken altar of Ashenzari.
  2371 | D:3      | 2371 ||| UPGRADING to +2 pair of boots.
  2376 | D:3      | 2376 ||| UPGRADING to ring of protection from cold.
  2377 | D:3      | 2377 ||| READING scroll labelled XEFOLU ORHEMN.
  2378 | D:3      | 2378 ||| READING 2 scrolls labelled OLUPPI CAM QITT.
  2379 | D:3      | 2379 ||| READING scroll labelled QUISOA WUPN.
  2449 | D:4      | Found Ututyptal's Book Shoppe.
  2481 | D:4      | Reached skill level 1 in Dodging
  2481 | D:4      | 2481 ||| FLEEEEING.
  2482 | D:4      | 2482 ||| FLEEEEING.
  2483 | D:4      | 2483 ||| FLEEEEING.
  2485 | D:4      | 2485 ||| FLEEEEING.
  2486 | D:4      | 2486 ||| FLEEEEING.
  2487 | D:4      | 2487 ||| FLEEEEING.
  2488 | D:4      | 2488 ||| FLEEEEING.
  2630 | D:4      | 2630 ||| Stepping ~*~*~tactically~*~*~ (stealth).
  2631 | D:4      | 2631 ||| Stepping ~*~*~tactically~*~*~ (stealth).
  2638 | D:4      | 2638 ||| FLEEEEING.
  3109 | D:4      | 3109 ||| DROPPING +6 ring of intelligence.
  3110 | D:4      | 3110 ||| DROPPING ring of wizardry.
  3111 | D:4      | 3111 ||| READING scroll labelled ZEUV PIREIVOUREUT.
  3112 | D:4      | 3112 ||| DRINKING 3 fizzy black potions.
  3129 | D:5      | Entered Level 5 of the Dungeon
  3176 | D:5      | Reached XP level 7. HP: 44/44 MP: 7/7
  3179 | D:5      | HP: 11/44 [acid (8)]
  3180 | D:5      | 3180 ||| READING 2 scrolls of teleportation.
  3303 | D:5      | Found a sacrificial altar of Ru.
  3308 | D:5      | 3308 ||| Stepping ~*~*~tactically~*~*~ (stealth).
  3314 | D:5      | Reached skill level 6 in Axes
  3511 | D:5      | HP: 6/44 [gnoll/+0 halberd[a gnoll sergeant] (10)]
  3512 | D:5      | 3512 ||| READING scroll of teleportation.
  3516 | D:5      | 3516 ||| FLEEEEING.
  3517 | D:5      | 3517 ||| FLEEEEING.
  3518 | D:5      | 3518 ||| FLEEEEING.
  3525 | D:5      | HP: 7/44 [ice beast (4)]
  3543 | D:5      | 3543 ||| FLEEEEING.
  3545 | D:5      | 3545 ||| STAIRDANCE
  3670 | D:4      | 3670 ||| UPGRADING to +0 cloak.
  3675 | D:4      | 3675 ||| READING 2 scrolls of identify.
  3675 | D:4      | 3675 ||| IDENTIFYING brown potion
  3676 | D:4      | 3676 ||| DROPPING potion of degeneration.
  3714 | D:5      | 3714 ||| Stepping ~*~*~tactically~*~*~ (stealth).
  3868 | D:5      | Found a white marble altar of Elyvilon.
  3883 | D:5      | 3883 ||| Stepping ~*~*~tactically~*~*~ (hiding).
  3884 | D:5      | 3884 ||| Stepping ~*~*~tactically~*~*~ (hiding).
  3885 | D:5      | 3885 ||| Stepping ~*~*~tactically~*~*~ (hiding).
  3900 | D:5      | HP: 7/44 [gnoll/+0 halberd[a gnoll sergeant] (7)]
  3900 | D:5      | Slain by a gnoll

Levels and vault maps discovered:
D:1:      kennysheep_arrival_seaside, layout_loops_ring, serial_shops,
          nicolae_shop_bloodbath_and_beyond
D:2:      layout_rooms
D:3:      layout_rooms, old_standard_altar
D:4:      layout_loops_ring, serial_shops,
          nicolae_shop_temple_entry_statues_fountains
D:5:      layout_cave_pods, nicolae_ru_sacrificial_ziggurat,
          mainiacjoe_overflow_boulevard, nicolae_overflow_squiral,
          minmay_manual_mail

Skill      XL: |  1  2  3  4  5  6  7 |
---------------+----------------------+-----
Axes           | 2 3 4 5 6 |  6.9
Fighting       | 5 |  5.0
Dodging        | 1 |  1.6
Armour         | |  3.2
Shields        | |  3.2

Action                     |  1- 3 |  4- 6 |  7- 9 || total
---------------------------+-------+-------+-------++-------
  Melee: War axe           |    85 |   168 |    57 ||   310
    Use: Scroll            |     4 |     6 |     3 ||    13
         Potion            |       |     1 |       ||     1
 Armour: Scale mail        |    58 |    89 |    29 ||   176
  Dodge: Dodged            |    44 |    72 |    32 ||   148
  Block: Buckler           |    23 |    33 |    17 ||    73

Table legend:
 A = Non-vault XP
 B = Vault XP
 C = Vault XP percentage of total XP
 D = Non-vault monster count
 E = Vault monster count
 F = Vault count percentage of total count
                 A         B        C        D         E       F
            +---------+---------+-------+---------+---------+-------
      Total |     784 |     317 |  28.8 |      93 |       5 |   5.1
            +---------+---------+-------+---------+---------+-------
        D:1 |      71 |       0 |   0.0 |      32 |       0 |   0.0
        D:2 |      86 |       0 |   0.0 |      21 |       0 |   0.0
        D:3 |     271 |       0 |   0.0 |      19 |       0 |   0.0
        D:4 |     168 |       0 |   0.0 |      12 |       0 |   0.0
        D:5 |     188 |     317 |  62.8 |       9 |       5 |  35.7
            +---------+---------+-------+---------+---------+-------
